 Dungeon Crawl Stone Soup version 0.31-a0-986-g5e6e4ef867 (webtiles) character file.

Game seed: 5500583967991941175

3282 p00ps00p the Cleaver (level 10, -7/91 HPs)
             Began as a Hill Orc Fighter on Nov 11, 2023.
             Was an Initiate of Gozag.
             Mangled by an orc warlord
             ... wielding a +5 broad axe
              (17 damage)
             ... in a bailey.
             The game lasted 00:13:13 (6571 turns).

p00ps00p the Cleaver (Hill Orc Fighter)             Turns: 6571, Time: 00:13:14

Health: -7/91      AC: 25    Str: 24    XL:     10   Next: 0%
Magic:  0/10       EV:  8    Int: 13    God:    Gozag
Gold:   838        SH:  6    Dex: 13    Spells: 9/9 levels left

rFire   x . .        a - +1 war axe (protect)
rCold   . . .        c - +0 buckler
rNeg    . . .        g - +1 chain mail
rPois   .            z - +2 helmet
rElec   .            (no cloak)
rCorr   .            n - +0 pair of gloves
SInv    .            o - +0 pair of boots
Will    .....        w - amulet of Makhleb's Respect {Spirit rF- Int+5 Dex+3} Stlth
                     (no ring)
HPRegen 0.35/turn    (no ring)
MPRegen 0.12/turn

%: guardian spirit
@: mighty, gold aura, under a protective aura, hasted, very quick
A: no striking features
a: Renounce Religion, Potion Petition, Call Merchant, Bribe Branch


You were in a bailey.
You worshipped Gozag.
Gozag was pleased with you.
You visited 2 branches of the dungeon, and saw 9 of its levels.
You also visited: Ossuary and Bailey.

You collected 1026 gold pieces.
You spent 125 gold pieces at shops.
You paid 63 gold pieces to Gozag.

Inventory:

Hand Weapons
 a - a +1 war axe of protection (weapon)
 A - a +1 hand axe of flaming
 D - a +0 broad axe
Missiles
 B - 3 curare-tipped darts (quivered)
Armour
 c - a +0 buckler (worn)
 g - a +1 chain mail (worn)
 n - a +0 pair of gloves (worn)
 o - a +0 pair of boots (worn)
 z - a +2 helmet (worn)
Jewellery
 w - the amulet of Makhleb's Respect (around neck) {Spirit rF- Int+5 Dex+3}
   (You bought it in a shop on level 5 of the Dungeon)

   [amulet of guardian spirit]

   Spirit:    It causes incoming damage to be divided between your reserves of
   health and magic.
   Int+5:     It affects your intelligence (+5).
   Dex+3:     It affects your dexterity (+3).
   rF-:       It makes you vulnerable to fire.
Scrolls
 j - 3 scrolls of teleportation
 l - a scroll of blinking
 m - 2 scrolls of immolation
 t - a scroll of summoning
 y - a scroll of amnesia
 C - a scroll of enchant armour
 F - a scroll of fog
 G - a scroll of fear
Potions
 b - 7 potions of brilliance
 d - 4 potions of might
 e - 3 potions of heal wounds
 f - a potion of enlightenment
 h - 2 potions of curing
 i - a potion of ambrosia {unknown}
 k - 3 potions of haste
 p - 3 potions of mutation
 q - 4 potions of lignification
 r - 2 potions of berserk rage {unknown}
 s - a potion of magic {unknown}
 u - a potion of experience {unknown}
 v - 4 potions of attraction
 x - a potion of cancellation {unknown}
 E - a potion of invisibility {unknown}


   Skills:
 + Level 9.1 Fighting
 + Level 9.4 Axes
 + Level 8.2 Armour
 + Level 8.2 Shields


You had 9 spell levels left.
You didn't know any spells.
Your spell library contained the following spells:

 Spells                   Type           Power      Damage    Failure   Level
 Kiss of Death            Conj/Necr      0%         2d5       86%         1
 Sting                    Tmut/Pois      0%         1d3       86%         1
 Poisonous Vapours        Pois/Air       0%         N/A       94%         2
 Wereblood                Tmut           0%         N/A       94%         2
 Confusing Touch          Hex            0%         N/A       99%         3
 Dazzling Flash           Conj/Hex       0%         N/A       99%         3
 Ozocubu's Armour         Ice            0%         N/A       99%         3
 Dispel Undead            Necr           0%         3d6       100%        4
 Olgreb's Toxic Radiance  Pois           0%         N/A       100%        4
 Agony                    Necr           0%         N/A       100%        5
 Irradiate                Conj/Tmut      0%         3d11      100%        5
 Metabolic Englaciation   Hex/Ice        0%         N/A       100%        5
 Silence                  Hex/Air        0%         N/A       100%        5
 Simulacrum               Ice/Necr       Unusable   N/A       N/A         6

Dungeon Overview and Level Annotations

Branches:
Dungeon (8/15)             Temple (1/1) D:4            Lair (0/5) D:8
Ossuary (visited)          Bailey (1/1)

Altars:
Ashenzari
Elyvilon
Fedhas
Gozag
Hepliaklqana
Kikubaaqudgha
Makhleb
Nemelex Xobeh
Okawaru
Ru
Sif Muna
Trog
Vehumet
Wu Jian
Yredelemnul
Zin
The Shining One

Shops:
D:5 *


Message History

The goblin is distracted by your dazzling golden aura.
The goblin shouts!
Unknown command.
You slash the goblin!
You kill the goblin!
You hit the orc knight. You hit the orc warlord.
The orc knight hits you with a +0 war axe!
The orc warlord is distracted by your dazzling golden aura.
Items here: $ )) [[.
Unknown command.
You barely miss the orc warlord.
The orc warlord is no longer distracted by gold.
The orc warlord is lightly wounded.
You slice the orc knight!! You closely miss the goblin.
The goblin is no longer distracted by gold.
You block the orc knight's attack.
The goblin is distracted by your dazzling golden aura.
You block the orc warlord's attack.
An orc warrior comes into view. It is wielding a +0 war axe.
The goblin shouts!
You slash the orc knight!
The orc knight is almost dead.
You hit the goblin.
You kill the goblin!
You hit the orc warlord.
Unknown command.
You barely miss the orc knight.
The orc knight is almost dead.
You hit the orc warlord but do no damage.
The orc knight barely misses you.
The orc warlord hits you with a +5 broad axe!!!
Unknown command.
You slash the orc knight!
The orc knight is almost dead.
You slash the orc warlord!
The orc knight hits you with a +0 war axe!!
* * * LOW HITPOINT WARNING * * *
The orc warlord hits you with a +5 broad axe!!
You die...
Your body crumbles into a pile of gold.

##.........##
#######.....⌠.....#######
##....)##........)##.....##
#.....).'........)'.......#
##.....))##.......##.......##
#.........#.......#.........#
##.........##88.88##.........##
#.....⌠.....###$###.....⌠.....#
##.........###o@o###.........##
#.........#...$...#.........#
##.......##.......##.......##
#.......#.........#.......#
##.....##.........##.....##
##'####...........####)##
##)))..##....o....##..).)##
#.......#.........#.......#
##.......## ##.......##


You could see an orc warlord (strong), an orc knight (strong) and an orc warrior
(strong).

Vanquished Creatures
  Grinder (D:6)
  A steam dragon (D:8)
  A water moccasin (D:7)
  10 orc warriors (Bailey)
  A sky beast (D:8)
  2 ogres
  3 centaurs
  A phantom (D:7)
  Blork the orc (D:4)
  4 scorpions
  5 wights (D:6)
  A howler monkey (D:8)
  2 human zombies (Ossuary)
  A centaur zombie (Ossuary)
  2 hounds
  A jelly (D:6)
  An orc priest (D:4)
  A sleepcap (D:7)
  4 iguanas
  Terence (D:2)
  2 orc wizards (D:7)
  3 mummies (Ossuary)
  Robin (D:4)
  7 gnolls (Bailey)
  3 adders
  2 shadow imps
  2 ufetubi (D:7)
  2 worms
  5 dart slugs
  20 orcs
  9 endoplasms
  A giant cockroach (D:4)
  2 gnoll zombies (Ossuary)
  29 goblins
  17 hobgoblins
  3 jackals
  4 kobolds
  2 quokkas
  8 ball pythons
  8 bats
  3 frilled lizards
  A goblin zombie (Ossuary)
  A kobold zombie (Ossuary)
  An orc zombie (Ossuary)
  5 rats
185 creatures vanquished.

Vanquished Creatures (collateral kills)
  A quokka (D:1)
1 creature vanquished.

Grand Total: 186 creatures vanquished

Notes
Turn   | Place    | Note
-------+----------+-------------------------------------------
     0 | D:1      | p00ps00p the Hill Orc Fighter began the quest for the Orb.
     0 | D:1      | Reached XP level 1. HP: 19/19 MP: 1/1
    56 | D:1      | Reached XP level 2. HP: 22/27 MP: 2/2
   208 | D:1      | Reached XP level 3. HP: 31/33 MP: 3/3
   681 | D:2      | Found an ornate altar of the Wu Jian Council.
   681 | D:2      | Noticed Terence
   699 | D:2      | Killed Terence
   700 | D:2      | Reached XP level 4. HP: 36/41 MP: 4/4
   960 | D:2      | Identified the +10 quarterstaff of Otobacs {pain, rPois rF-
                  | Dex+3}
  1680 | D:3      | Reached XP level 5. HP: 47/47 MP: 5/5
  1989 | D:3      | Found a faded altar of an unknown god.
  2059 | D:3      | Found a sparkling altar of Nemelex Xobeh.
  2481 | D:4      | Noticed Robin
  2492 | D:4      | Killed Robin
  2519 | D:4      | Found a broken altar of Ashenzari.
  2539 | D:4      | Found a burning altar of Makhleb.
  2582 | D:4      | Noticed Blork the orc
  2595 | D:4      | Reached skill level 5 in Fighting
  2595 | D:4      | Reached XP level 6. HP: 53/56 MP: 6/6
  2597 | D:4      | Killed Blork the orc
  2603 | D:4      | Found a staircase to the Ecumenical Temple.
  2622 | Temple   | Entered the Ecumenical Temple
  2636 | Temple   | Became a worshipper of Gozag Ym Sagoz the Greedy
  2774 | D:4      | Found a sand-covered staircase.
  2793 | Ossuary  | Entered an ossuary
  2856 | Ossuary  | Reached skill level 5 in Axes
  3008 | Ossuary  | Reached skill level 5 in Armour
  3035 | Ossuary  | Reached skill level 5 in Shields
  3035 | Ossuary  | Reached XP level 7. HP: 59/61 MP: 7/7
  3536 | D:5      | Entered Level 5 of the Dungeon
  3654 | D:5      | Found Bujet's Assorted Antiques.
  3662 | D:5      | Bought a scintillating sapphire amulet for 125 gold pieces
  3662 | D:5      | Identified the amulet of Makhleb's Respect {Spirit rF-
                  | Int+5 Dex+3} (You bought it in a shop on level 5 of the
                  | Dungeon)
  4400 | D:6      | Reached XP level 8. HP: 71/71 MP: 8/8
  4464 | D:6      | Found an iron altar of Okawaru.
  4501 | D:6      | Noticed Grinder
  4512 | D:6      | Paralysed by Grinder for 5 turns
  4520 | D:6      | Killed Grinder
  5167 | D:7      | Found a hazy altar of Hepliaklqana.
  5425 | D:7      | Reached XP level 9. HP: 79/79 MP: 9/9
  5677 | D:7      | Found a radiant altar of Vehumet.
  6068 | Bailey   | Identified the of Mylyalong
  6077 | D:8      | Found a flagged portal.
  6123 | Bailey   | Entered a bailey
  6462 | Bailey   | Reached XP level 10. HP: 72/91 MP: 6/10
  6556 | Bailey   | Noticed an orc knight
  6556 | Bailey   | Noticed an orc warlord
  6571 | Bailey   | Mangled by an orc warlord

Illustrated notes

Levels and vault maps discovered:
D:1:      nicolae_arrival_memento_mori, layout_rooms, roderic_lattice_a
D:2:      layout_loops_ring, basic_altar, uniq_terence
D:3:      layout_basic, mainiacjoe_overflow_tiny_flanked,
          shapermc_ecumenical_altar_acropolis, nicolae_hexahallways,
          chequers_serial_rivers_micro_a, minmay_misc_feat_cross
D:4:      layout_rooms, bloody_makhleb, kennysheep_little_box,
          minmay_temple_entry_wispy, nicolae_ossuary_entry_ruins, uniq_robin,
          uniq_blork_the_orc
D:5:      layout_loops_cross, serial_shops, nicolae_shop_getting_attention
D:6:      layout_loops_ring, okawaru_ov_weapons_minmay, uniq_grinder
D:7:      layout_gridville, nicolae_vehumet_altar_sigil,
          mainiacjoe_overflow_brackets
D:8:      layout_basic, mainiacjoe_overflow_concentric_impassable,
          mainiacjoe_overflow_24_doors, erik_lair_dragon, enter_bailey_2,
          kennysheep_donut, reono_crystal_passage, uniq_psyche
Temple:   nicolae_temple_bog_church
Bailey:   bailey_axe_minmay_hex_keep, bailey

Skill      XL: |  1  2  3  4  5  6  7  8  9 |
---------------+----------------------------+-----
Axes           | 3 4 5 6 7 9 |  9.4
Fighting       | 4 5 6 7 9 |  9.1
Armour         | 4 5 6 8 |  8.2
Shields        | 4 5 6 8 |  8.2

Action                     |  1- 3 |  4- 6 |  7- 9 | 10-12 || total
---------------------------+-------+-------+-------+-------++-------
  Melee: War axe           |    90 |   194 |   272 |    16 ||   572
    Use: Scroll            |     2 |     7 |    10 |       ||    19
         Potion            |       |       |     2 |     2 ||     4
   Stab: Distracted        |       |       |     1 |       ||     1
 Armour: Scale mail        |    57 |       |       |       ||    57
         Chain mail        |       |   137 |   255 |    13 ||   405
  Dodge: Dodged            |    46 |    70 |   106 |     2 ||   224
  Block: Buckler           |    32 |    47 |    71 |     6 ||   156

Table legend: (Time is in decaauts)
 A = Elapsed time spent in this place.
 B = Non-inter-level travel time spent in this place.
 C = Inter-level travel time spent in this place.
 D = Time resting spent in this place.
 E = Time spent auto-exploring this place.
 F = Levels seen in this place.
 G = Mean time per level.
                   A        B        C        D        E       F      G
               +--------+--------+--------+--------+--------+-----+--------+
         Total |   6700 |   6310 |    390 |      0 |   4679 |  11 |  609.1 |
       Dungeon |   5894 |   5529 |    365 |      0 |   4268 |   8 |  736.8 |
        Temple |     27 |      2 |     25 |      0 |      0 |   1 |   27.0 |
       Ossuary |    327 |    327 |      0 |      0 |    184 |   1 |  327.0 |
        Bailey |    451 |    451 |      0 |      0 |    227 |   1 |  451.0 |
               +--------+--------+--------+--------+--------+-----+--------+

Top non-repeatable levels by time:
     D:3: 1158 daAuts
     D:6: 978 daAuts
     D:7: 912 daAuts
     D:4: 790 daAuts
     D:2: 722 daAuts
     D:1: 653 daAuts
     D:5: 621 daAuts
  Bailey: 451 daAuts
 Ossuary: 327 daAuts
     D:8: 57 daAuts
  Temple: 27 daAuts
